 Dungeon Crawl Stone Soup version 0.29-a0-330-g52719c12eb (webtiles) character file.

Game seed: 11824767356595233661

761 Kushumae the Chopper (level 7, -10/61 HPs)
             Began as a Ghoul Wanderer on May 9, 2022.
             Was a Priest of Uskayaw.
             Mangled by Duvessa
             ... wielding a +2 short sword of freezing
              (14 damage)
             ... on level 5 of the Dungeon.
             The game lasted 00:29:40 (4289 turns).

Kushumae the Chopper (Ghoul Wanderer)               Turns: 4289, Time: 00:29:41

Health: -10/61     AC: 12    Str: 19    XL:     7   Next: 80%
Magic:  6/6        EV:  7    Int:  7    God:    Uskayaw [***...]
Gold:   151        SH:  0    Dex:  7    Spells: 6/6 levels left

rFire   . . .      SeeInvis +   a - +3 hand axe
rCold   + . .      Faith    .   (no shield)
rNeg    + + +      Spirit   .   v - +1 chain mail
rPois   ∞          Reflect  .   (no helmet)
rElec   .          Harm     .   (no cloak)
rCorr   .          Rampage  .   u - +0 pair of gloves
Will    .....                   h - +0 pair of boots
Stlth   ..........              (no amulet)
HPRegen 0.00/turn               t - +4 ring of slaying
MPRegen 0.10/turn               o - ring of see invisible

@: inhibited regen
A: claws 1, cold resistance 1, negative energy resistance 3, inhibited
regeneration, torment resistance 2, devour on kill
a: Renounce Religion, Stomp, Line Pass


You were on level 5 of the Dungeon.
You worshipped Uskayaw.
Uskayaw was noncommittal.
You visited 2 branches of the dungeon, and saw 6 of its levels.

You collected 393 gold pieces.
You spent 242 gold pieces at shops.

Inventory:

Hand Weapons
 a - a +3 hand axe (weapon)
 d - a +0 dagger
 f - a +1 whip of flaming
 g - a +0 whip
 l - a +0 battleaxe
 A - a +4 dagger
Missiles
 c - 24 poisoned darts (quivered)
Armour
 h - a +0 pair of boots (worn)
 i - a +0 ring mail
 j - a +0 scale mail
 u - a +0 pair of gloves (worn)
 v - a +1 chain mail (worn)
Jewellery
 o - a ring of see invisible (right hand)
 t - a +4 ring of slaying (left hand)
Wands
 n - a wand of iceblast (31)
 s - a wand of polymorph (15)
Scrolls
 e - 4 scrolls of teleportation
 y - a scroll of identify
 z - a scroll of brand weapon {unknown}
 B - a scroll of blinking
Potions
 b - 5 potions of curing
 k - a potion of resistance {unknown}
 m - a potion of mutation
 p - 4 potions of degeneration
 q - a potion of haste {unknown}
 r - a potion of berserk rage {unknown}
 w - a potion of cancellation {unknown}
 x - a potion of lignification {unknown}


   Skills:
 + Level 5.0 Fighting
 + Level 5.1 Axes
 + Level 2.4 Throwing
 + Level 3.5 Armour
 + Level 1.5 Dodging
 + Level 1.6 Stealth
 + Level 3.7 Unarmed Combat


You had 6 spell levels left.
You didn't know any spells.
Your spell library contained the following spells:

 Spells                   Type           Power      Damage    Failure   Level
 Corpse Rot               Necr/Air       0%         N/A       100%        2
 Poisonous Vapours        Pois/Air       0%         N/A       100%        2


Dungeon Overview and Level Annotations

Branches:
Dungeon (5/15)             Temple (1/1) D:4

Altars:
Gozag
Makhleb
Ru
Uskayaw

Shops:
D:4 [

Annotations:
D:5 Duvessa


Innate Abilities, Weirdness & Mutations

You are immune to poison.
You have sharp fingernails.
Your flesh is cold resistant. (rC+)
You are immune to negative energy. (rN+++)
You do not regenerate when monsters are visible.
You are immune to unholy pain and torment.
You thrive by killing the living.


Message History

Dowan hits you but does no damage.
You hit Duvessa but do no damage.
Duvessa is moderately wounded.
You hit Dowan.
Duvessa hits you with a +2 short sword of freezing!
Duvessa freezes you. Dowan barely misses you.
You slash Duvessa!
Duvessa is heavily wounded.
You hit Dowan.
Duvessa hits you with a +2 short sword of freezing.
Dowan closely misses you.
You hit Duvessa.
Duvessa is heavily wounded.
You hit Dowan.
Duvessa hits you with a +2 short sword of freezing.
Dowan casts a spell at you. You resist with some effort.
You hit Duvessa.
Duvessa is severely wounded.
You slash Dowan!
You kill Dowan!
Duvessa screams in rage.
Duvessa goes berserk!
Duvessa hits you but does no damage.
Uskayaw will force your foes to helplessly watch your dance.
Uskayaw prepares the audience for your solo!
Your Fighting skill increases to level 5!
The helpless Duvessa fails to defend herself.
You slash Duvessa!
Duvessa is almost dead.
Duvessa is no longer paralysed.
Duvessa hits you with a +2 short sword of freezing!
* * * LOW HITPOINT WARNING * * *
Duvessa hits you with a +2 short sword of freezing.
* * * LOW HITPOINT WARNING * * *
Duvessa freezes you.
* * * LOW HITPOINT WARNING * * *
You hit Duvessa.
Duvessa is almost dead.
Duvessa hits you with a +2 short sword of freezing!
You die...

#.#
#....##.#
#+#
#.##.##.#
#.......#
#.###.####
.# ##.#
####. #.#
...( ##.#
##.(###.##
#.)@.##
###e## #.#
#.# #.#
#.# ..#
###


You could see Duvessa (berserk, poisoned).

Vanquished Creatures
  A steam dragon (D:5)
  A black bear (D:4)
  An ogre (D:5)
  A phantom (D:3)
  A scorpion (D:5)
  Dowan (D:5)
  A howler monkey (D:5)
  A jelly (D:5)
  2 hounds
  An iguana (D:3)
  Ijyb (D:3)
  3 adders
  A dart slug (D:1)
  2 orcs
  12 ball pythons
  7 bats
  11 endoplasms
  3 giant cockroaches
  9 goblins
  5 hobgoblins
  5 jackals
  3 quokkas (D:3)
  4 frilled lizards
  2 kobolds
  4 rats
83 creatures vanquished.

Vanquished Creatures (others)
  11 fungi (D:4)
  3 plants (D:3)
14 creatures vanquished.

Grand Total: 97 creatures vanquished

Notes
Turn   | Place    | Note
-------+----------+-------------------------------------------
     0 | D:1      | Kushumae the Ghoul Wanderer began the quest for the Orb.
     0 | D:1      | Kushumae set off with the following items: a +2 hand axe, a
                  | potion of curing, 14 poisoned darts, a +0 dagger, a scroll
                  | of teleportation, a +0 leather armour
     0 | D:1      | Reached XP level 1. HP: 19/19 MP: 0/0
   186 | D:1      | Reached XP level 2. HP: 16/26 MP: 1/1
   218 | D:1      | Found a faded altar of an unknown god.
   225 | D:1      | Prayed at the altar of an unknown god.
   225 | D:1      | Became a worshipper of Uskayaw the Reveller
   225 | D:1      | Reached * piety under Uskayaw
   335 | D:1      | Reached ** piety under Uskayaw
   337 | D:1      | Reached *** piety under Uskayaw
   339 | D:1      | Reached **** piety under Uskayaw
   682 | D:1      | Reached XP level 3. HP: 31/31 MP: 2/2
  1679 | D:3      | Noticed a phantom
  1690 | D:3      | Reached skill level 1 in Armour
  1691 | D:3      | Killed a phantom
  1692 | D:3      | Reached XP level 4. HP: 28/40 MP: 3/3
  1692 | D:3      | Reached XP level 5. HP: 33/46 MP: 4/4
  1701 | D:3      | Reached skill level 1 in Stealth
  2103 | D:3      | Found a burning altar of Makhleb.
  2602 | D:3      | Noticed Ijyb
  2625 | D:3      | Killed Ijyb
  2829 | D:4      | Reached skill level 1 in Dodging
  2829 | D:4      | Reached XP level 6. HP: 49/52 MP: 5/5
  2917 | D:4      | Found Asimis's Antique Armour Emporium.
  2947 | D:4      | Bought a pair of boots for 121 gold pieces
  2947 | D:4      | Bought a pair of gloves for 121 gold pieces
  3065 | D:4      | Noticed a black bear
  3078 | D:4      | Killed a black bear
  3275 | D:4      | Found a sacrificial altar of Ru.
  3428 | D:4      | Found a staircase to the Ecumenical Temple.
  3647 | Temple   | Entered the Ecumenical Temple
  3708 | D:5      | Entered Level 5 of the Dungeon
  3793 | D:5      | Noticed a steam dragon
  3800 | D:5      | Killed a steam dragon
  3801 | D:5      | Reached XP level 7. HP: 58/60 MP: 6/6
  3990 | D:5      | Reached skill level 5 in Axes
  4274 | D:5      | Noticed Duvessa
  4274 | D:5      | Noticed Dowan
  4287 | D:5      | Killed Dowan
  4288 | D:5      | Reached skill level 5 in Fighting
  4289 | D:5      | Mangled by Duvessa

Illustrated notes

Levels and vault maps discovered:
D:1:      sevenhm_arrival_forest_fort_small_3, layout_basic,
          dilly_ecumenical_altar_fadedgnrine, minivault_26, hex_medium,
          minmay_small_reverse_x
D:2:      layout_basic
D:3:      minmay_razor_zed, layout_basic, mainiacjoe_overflow_boulevard,
          minmay_cupped, uniq_ijyb
D:4:      layout_basic, nicolae_ru_sacrificial_ziggurat,
          minmay_temple_entry_antechambers, serial_aquarium,
          aquarium_bridge_square [aquarium_subvault_window,
          aquarium_subvault_bridge, aquarium_subvault_wall,
          aquarium_subvault_bridge], aquarium_window_fake, aquarium_window_2,
          aquarium_window_fake, aquarium_window_fake, aquarium_view_2c,
          aquarium_view_2c, aquarium_pool_four, serial_shops, nicolae_shop_trees
D:5:      layout_loops_corners, kennysheep_vampire_church, trog_butcher_becter,
          uniq_sigmund, uniq_duvessa
Temple:   nicolae_temple_figure_zero

Skill      XL: |  1  2  3  4  5  6  7 |
---------------+----------------------+-----
Axes           | 3 4 5 |  5.1
Armour         | 1 2 3 |  3.5
Stealth        | 1 |  1.6
Fighting       | 4 5 |  5.0
Dodging        | 1 |  1.5
Throwing       | 2 |  2.4
Unarmed Combat | |  3.7

Action                   |  1- 3 |  4- 6 |  7- 9 || total
-------------------------+-------+-------+-------++-------
Melee: Hand axe          |   107 |    95 |    31 ||   233
       Punch             |     2 |     2 |       ||     4
Throw: Dart              |     3 |    23 |     6 ||    32
Invok: Stomp             |       |     1 |       ||     1
  Use: Scroll            |     3 |     7 |       ||    10
       Potion            |     1 |       |       ||     1
 Stab: Paralysed         |     2 |     2 |     1 ||     5
Armor: Scale mail        |    71 |    34 |       ||   105
       Leather armour    |     3 |       |       ||     3
       Chain mail        |       |    30 |    13 ||    43
Dodge: Dodged            |    52 |    51 |    11 ||   114

Table legend: (Time is in decaauts)
 A = Elapsed time spent in this place.
 B = Non-inter-level travel time spent in this place.
 C = Inter-level travel time spent in this place.
 D = Time resting spent in this place.
 E = Time spent auto-exploring this place.
 F = Levels seen in this place.
 G = Mean time per level.
                   A        B        C        D        E       F      G
               +--------+--------+--------+--------+--------+-----+--------+
         Total |   4310 |   4150 |    160 |      0 |   3058 |   6 |  718.3 |
       Dungeon |   4275 |   4133 |    142 |      0 |   3058 |   5 |  855.0 |
        Temple |     35 |     17 |     18 |      0 |      0 |   1 |   35.0 |
               +--------+--------+--------+--------+--------+-----+--------+

Top non-repeatable levels by time:
     D:3: 1145 daAuts
     D:1: 961 daAuts
     D:4: 882 daAuts
     D:2: 703 daAuts
     D:5: 581 daAuts
  Temple: 35 daAuts
